cohdb
Replays
Latest Replays
All Replays
Popular Replays
Top Player Replays
Match Explorer
How It Works
Community
CoH3 Stats
Reddit
Sign in to upload your games and track your stats! →
Sign in with Steam
Match 41504615
Unlisted
Match 41504615
Overview
Messages
Build Orders
End
Kettenkrad Recon Vehicle
Construct Infanterie Kompanie
Grenadier Squad
MG 42 Machine Gun Team
Grenadier Squad
Construct Panzergrenadier Kompanie
251 Medium Carrier
Panzergrenadier Squad
Selects Italian Coastal Battlegroup
Selects Designate Defensive Line
Selects Rapid Fortifications
Rapid Fortifications
Panzergrenadier Officer Quarters
Medical Bunker
Pak 40 Anti-tank Gun Team
Construct Panzer Kompanie
Designate Defensive Line
Stoßtruppen Squad
Panzer Officer Quarters
Rapid Fortifications
MG 42 Bunker
Selects Coastal Reserves
Selects Artillery Officer
Artillery Officer
Selects Obice da 210/22 Artillery Emplacement
Rapid Fortifications
Repair Bunker
Panzer IV Medium Tank
Panzer IV Medium Tank
Rapid Fortifications
MG 42 Bunker
Designate Defensive Line
Construct Luftwaffe Kompanie
Support Elements
Designate Defensive Line
Marder III M Tank Destroyer
Rapid Fortifications
Medical Bunker
Kettenkrad Recon Vehicle
Wirbelwind Flakpanzer
Rapid Fortifications
MG 42 Bunker
Marder III M Tank Destroyer
HulkSMASH
⚓️Ruby⚓
ProxyFox
Ghost
0
0
Comments
sign in to comment!
No comments posted yet!